 Dungeon Crawl Stone Soup version 0.27.1-1-g398f81649c (webtiles) character file.

Game seed: 2355697152891705650

79 Icepheonix32 the Covert (level 4, -2/28 HPs)
             Began as a Kobold Delver on Sept 17, 2021.
             Shot with an arrow by a centaur (12 damage)
             ... on level 5 of the Dungeon.
             The game lasted 00:00:28 (179 turns).

Icepheonix32 the Covert (Kobold Delver)              Turns: 179, Time: 00:00:29

Health: -2/28      AC:  3    Str:  9    XL:     4   Next: 62%
Magic:  4/4        EV: 15    Int: 11    God:
Gold:   11         SH:  0    Dex: 17    Spells: 3/3 levels left

rFire    . . .     SeeInvis .   a - +0 short sword
rCold    . . .     Faith    .   (shield restricted)
rNeg     . . .     Spirit   .   b - +0 leather armour
rPois    .         Reflect  .   (no helmet)
rElec    .         Harm     .   (no cloak)
rCorr    .         Rampage  .   (no gloves)
Will     .....                  (no boots)
Stlth    +++++.....             (no amulet)
HPRegen  0.09/turn              (no ring)
MPRegen  0.09/turn              (no ring)

@: no status effects
A: small, no large weapons, nightstalker 3
a: no special abilities


You were on level 5 of the Dungeon.
You visited 1 branch of the dungeon, and saw 1 of its levels.

You collected 11 gold pieces.

Inventory:

Hand Weapons
 a - a +0 short sword (weapon)
Armour
 b - a +0 leather armour (worn)
Wands
 g - a wand of digging (3)
Scrolls
 c - a scroll of fog
 d - a scroll of magic mapping
 e - a scroll of fear
Potions
 f - a potion of haste


   Skills:
 - Level 3.2 Fighting
 - Level 2.6 Short Blades
 * Level 3.4 Dodging
 + Level 8.3 Stealth


You had 3 spell levels left.
You didn't know any spells.
Your spell library contained the following spells:

 Spells                   Type           Power      Damage    Failure   Level
 Summon Guardian Golem    Hex/Summ       0%         N/A       83%         3
 Orb of Destruction       Conj           0%         N/A       100%        7
 Spellforged Servitor     Conj/Summ      0%         N/A       100%        7


Dungeon Overview and Level Annotations

Branches:
Dungeon (5/15)
 Temple: D:4-7

Altars:


Innate Abilities, Weirdness & Mutations

You are small and have problems with some larger weapons.
You are completely attuned to the shadows.


Message History

A centaur comes into view.
The helpless centaur fails to defend itself.
You puncture the centaur!
The centaur is almost dead.
The centaur hits you. The centaur kicks you.
You hit the centaur but do no damage.
The centaur is almost dead.
The centaur barely misses you. The centaur closely misses you. x3
You hit the centaur.
The centaur is almost dead.
The centaur hits you but does no damage.
The centaur kicks you but does no damage.
You hit the centaur.
You kill the centaur!
Your Dodging skill increases to level 3!
Your Stealth skill gained 2 levels and is now at level 8!
You have reached level 2!
You have reached level 3!
Your experience leads to an increase in your attributes!
Increase (S)trength, (I)ntelligence, or (D)exterity?
You feel agile.
You have reached level 4!
HP restored.
Things that are here:
a +0 shortbow; 18 arrows; a centaur corpse
Found 11 gold pieces.
You now have 11 gold pieces.
An orc comes into view. It is wielding a +0 club.
Found 12 stones.
The helpless orc fails to defend itself.
You impale the orc!!
You kill the orc!
A centaur comes into view.
The centaur wields a +0 shortbow.
The centaur shoots an arrow.
The arrow hits you!
The centaur shoots an arrow.
The arrow hits you!
The centaur shoots an arrow.
The arrow closely misses you.
The centaur shoots an arrow.
The arrow completely misses you.
The centaur shoots an arrow.
The arrow hits you!
You die...

#............# #.......#
#........###.# #.......#
#............# #.......##
#.......####.#+#.........
#.......# #........##..#
#.......####........>....
..............##.##..###.
.....#####.......[##..#
####...###.#####@.......
###..##.# ##.####...
#####.....####..#
......#..###...##
.#######....c###
#####.### #...## #..#..#
#.###c..#


You could see a centaur.

Vanquished Creatures
  A centaur (D:5)
  An orc (D:5)
2 creatures vanquished.

Notes
Turn   | Place    | Note
-------+----------+-------------------------------------------
     0 | D:5      | Icepheonix32 the Kobold Delver began the quest for the Orb.
     0 | D:5      | Reached XP level 1. HP: 14/14 MP: 1/1
    21 | D:5      | Noticed a centaur
    32 | D:5      | Killed a centaur
    33 | D:5      | Reached skill level 8 in Stealth
    33 | D:5      | Reached XP level 2. HP: 14/19 MP: 2/2
    33 | D:5      | Reached XP level 3. HP: 16/23 MP: 3/3
    33 | D:5      | Reached XP level 4. HP: 20/28 MP: 4/4
   172 | D:5      | Noticed a centaur
   179 | D:5      | Shot with an arrow by a centaur

Illustrated notes

Levels and vault maps discovered:
D:5:      layout_rooms, mainiacjoe_overflow_surrounded_room,
          dk_yredelemnul_ordeal, uniq_ijyb

Skill      XL: |  1 |
---------------+----+-----
Dodging        | 3 |  3.4
Stealth        | 8 |  8.3
Fighting       | |  3.2
Short Blades   | |  2.6

Action                   |  1- 3 |  4- 6 || total
-------------------------+-------+-------++-------
Melee: Short sword       |     4 |     1 ||     5
 Stab: Sleeping          |     1 |     1 ||     2
Armor: Leather armour    |     2 |       ||     2
Dodge: Dodged            |     4 |     2 ||     6
